 Dungeon Crawl Stone Soup version 0.31-a0-233-g139696dc86 (webtiles) character file.

Game seed: 65704146787632752

357 qw the Shooter (level 6, 0/37 HPs)
             Began as a Gargoyle Hexslinger on July 8, 2023.
             Slain by a gnoll
             ... wielding a +0 whip
             ... led by a gnoll bouda
              (4 damage)
             ... on level 4 of the Dungeon.
             The game lasted 00:01:15 (2910 turns).

qw the Shooter (Gargoyle Hexslinger)                Turns: 2910, Time: 00:01:16

Health: 0/37       AC: 10    Str: 12    XL:     6   Next: 64%
Magic:  7/7        EV: 11    Int: 13    God:
Gold:   80         SH:  0    Dex: 21    Spells: 6/7 levels left

rFire   . . .        f - +2 hand crossbow "Sooz" {heavy, Dex+7}
rCold   . . .        (no shield)
rNeg    + . .        j - +0 ring mail
rPois   inf          (no helmet)
rElec   +            g - +0 cloak {Will+}
rCorr   .            (no gloves)
SInv    +            (no boots)
Will    +....        (no amulet)
Stlth   +            c - ring of see invisible
HPRegen 0.26/turn    (no ring)
MPRegen 0.10/turn

%: no passive effects
@: no status effects
A: sickness immunity, AC +4, negative energy resistance 1, electricity
resistance, torment resistance 1, petrification resistance
a: no special abilities


You were on level 4 of the Dungeon.
You visited 1 branch of the dungeon, and saw 5 of its levels.

You collected 146 gold pieces.
You spent 66 gold pieces at shops.


Innate Abilities, Weirdness & Mutations

You are immune to sickness and miasma.
Your stone body is resilient. (AC +4)
You are immune to poison.
You resist negative energy. (rN+)
You are resistant to electric shocks. (rElec)
You are resistant to unholy torment.
You are immune to petrification.


   Skills:
 + Level 3.1 Fighting
 - Level 6.0 Ranged Weapons
 - Level 1.2 Armour
 - Level 1.5 Dodging
 - Level 1.0 Spellcasting
 - Level 2.6 Hexes


You had 6 spell levels left.
You knew the following spells:

 Your Spells              Type           Power      Damage    Failure   Level
a - Slow                  Hex            28%        N/A       22%         1

Your spell library contained the following spells:

 Spells                   Type           Power      Damage    Failure   Level
 Inner Flame              Hex/Fire       4%         N/A       73%         3
 Portal Projectile        Hex/Tloc       8%         N/A       73%         3
 Cause Fear               Hex            3%         N/A       91%         4

Inventory:

Hand Weapons
 f - the +2 hand crossbow "Sooz" (weapon) {heavy, Dex+7}
   (You acquired it on level 2 of the Dungeon)

   Dex:       It affects your dexterity (+7).
Armour
 g - a +0 cloak of willpower (worn)
 j - a +0 ring mail (worn)
Jewellery
 c - a ring of see invisible (left hand)
 m - a ring of ice
Scrolls
 h - 2 scrolls of identify
Potions
 a - a potion of enlightenment
 d - a potion of might
 e - a potion of mutation

Dungeon Overview and Level Annotations

Branches:
Dungeon (5/15)
 Temple: D:4-7

Altars:
Xom

Shops:
D:4 *


Message History

The gnoll barely misses you. The gnoll completely misses you.
The gnoll bouda barks out a call to the hunt!
The gnolls pick up the pace!
The gnoll hits you with a +0 whip. The gnoll misses you.
You shoot a bolt.
The bolt hits the gnoll bouda but does no damage.
The gnoll bouda is severely wounded.
The gnoll closely misses you. The gnoll completely misses you.
The gnoll misses you.
The gnoll bouda hits you with a +0 whip!
The gnoll hits you with a +0 whip. The gnoll barely misses you.
The gnoll hits you with a +0 flail.
The gnoll bouda hits you but does no damage.
2905 ||| DRINKING potion of heal wounds.
You feel much better. The gnoll hits you with a +0 whip.
The gnoll hits you with a +0 flail!
The gnoll bouda hits you with a +0 whip.
The gnoll hits you but does no damage.
You shoot a bolt. The bolt hits the gnoll bouda!!
You kill the gnoll bouda!
The gnoll barely misses you. The gnoll hits you with a +0 flail.
The gnoll barely misses you. The gnoll closely misses you. x2
The gnoll hits you with a +0 whip. The gnoll closely misses you.
The gnoll hits you but does no damage. The gnoll barely misses you.
Your Armour skill increases to level 1!
You shoot a bolt. The bolt hits the gnoll!
You kill the gnoll!
The gnoll closely misses you. The gnoll hits you but does no damage.
The gnoll barely misses you. The gnoll hits you with a +0 whip.
You shoot a bolt.
The bolt hits the gnoll but does no damage.
The gnoll hits you but does no damage. x2; The gnoll closely misses you. x2
The gnoll barely misses you. The gnoll hits you but does no damage.
You shoot a bolt. The bolt hits the gnoll.
The gnoll is lightly wounded.
The gnoll hits you but does no damage. The gnoll closely misses you. x3
You shoot a bolt. The bolt barely misses the gnoll.
The gnoll hits you with a +0 whip. The gnoll closely misses you.
The gnoll hits you with a +0 whip.
You die...

#.#.......##..#...#..............
..)#...........#.#...)........##.
................\.......#....####
....#......##..#.#..........## #
...........##.#...#...##.....# #
..%.###...../......|.........# #
..........##.........#.###...# #
...........###..g....#.###...##
..#......#..###g@.....<..##...###
.........##....)).###.##.##...##.
...#.....######.#.###.##.##...##.
.....##%######........##....#....
........##.>...#..#.######......#
.....#............#...####.#....#
#)##.#.....###.............#.#..#
#.##........##.#.#####..#..#.#..#
#.###..............# ##....#.#..#


You could see 2 gnolls.

Vanquished Creatures
  A sky beast (D:4)
  A gnoll bouda (D:4)
  An orc priest (D:4)
  An orc wizard (D:4)
  A gnoll (D:4)
  8 adders
  A dart slug (D:2)
  4 orcs
  7 bats
  7 endoplasms
  2 giant cockroaches (D:2)
  9 goblins
  4 hobgoblins (D:1)
  7 jackals (D:2)
  10 kobolds
  3 quokkas
  7 ball pythons
  6 frilled lizards
  6 rats
86 creatures vanquished.

Notes
Turn   | Place    | Note
-------+----------+-------------------------------------------
     0 | D:1      | qw the Gargoyle Hexslinger began the quest for the Orb.
     0 | D:1      | Reached XP level 1. HP: 12/12 MP: 2/2
     0 | D:1      | 0 ||| qw: Version: 0.3-a-46-gb1f654a
     0 | D:1      | 0 ||| qw: Game counter: 3492
     0 | D:1      | 0 ||| qw: Melee chars always use a shield: true
     0 | D:1      | 0 ||| qw: God list: Okawaru
     0 | D:1      | 0 ||| qw: Allow faded altars: false
     0 | D:1      | 0 ||| qw: Do Orc after clearing Dungeon:15 true
     0 | D:1      | 0 ||| qw: Do second Lair branch before Depths: true
     0 | D:1      | 0 ||| qw: Lair rune preference: random
     0 | D:1      | 0 ||| qw: Goals: Normal
     0 | D:1      | 0 ||| PLANNING D:1-11
   101 | D:1      | Reached XP level 2. HP: 16/16 MP: 3/3
   145 | D:1      | Reached skill level 3 in Ranged Weapons
   258 | D:1      | Reached XP level 3. HP: 21/21 MP: 4/4
   701 | D:1      | 701 ||| UPGRADING to +0 cloak of willpower.
   706 | D:1      | 706 ||| READING 2 scrolls labelled UKICIU ZEIMOB.
   707 | D:1      | 707 ||| READING scroll labelled WEAGYRCH MIORGH.
   708 | D:1      | 708 ||| DROPPING scroll of vulnerability.
   709 | D:1      | 709 ||| DROPPING scroll of poison.
   843 | D:2      | 843 ||| FLEEEEING.
   844 | D:2      | 844 ||| FLEEEEING.
   845 | D:2      | 845 ||| FLEEEEING.
   849 | D:2      | 849 ||| STAIRDANCE
   969 | D:2      | Reached XP level 4. HP: 25/26 MP: 5/5
  1018 | D:2      | Reached skill level 4 in Ranged Weapons
  1630 | D:2      | 1630 ||| READING scroll labelled YRYFUSTRUMPI.
  1635 | D:2      | 1635 ||| READING scroll labelled TEOTSEETIU.
  1635 | D:2      | Identified a scroll of acquirement
  1635 | D:2      | 1635 ||| ACQUIRING +2 hand crossbow "Sooz" {heavy, Dex+7}
  1635 | D:2      | Acquired the +2 hand crossbow "Sooz" {heavy, Dex+7}
  1637 | D:2      | 1637 ||| SWAPPING to +2 hand crossbow "Sooz" {heavy,
                  | Dex+7}.
  1638 | D:2      | 1638 ||| DROPPING +1 sling.
  1639 | D:2      | 1639 ||| READING scroll labelled YCOREU BYINA.
  1640 | D:2      | 1640 ||| DRINKING 2 lumpy inky potions.
  1848 | D:3      | Found a shimmering altar of Xom.
  2162 | D:3      | Reached XP level 5. HP: 30/30 MP: 6/6
  2394 | D:3      | 2394 ||| DROPPING amulet of magic regeneration.
  2395 | D:3      | 2395 ||| READING scroll labelled ZADIAS BAUFIO.
  2416 | D:3      | 2416 ||| READING scroll labelled XEDUSE XOME.
  2417 | D:3      | 2417 ||| DRINKING 2 brown potions.
  2418 | D:3      | 2418 ||| DRINKING 2 blue potions.
  2419 | D:3      | 2419 ||| DROPPING potion of brilliance.
  2504 | D:4      | Found Ysieroi's General Store.
  2513 | D:4      | 2513 ||| BUYING +0 leather armour (22 gold).
  2513 | D:4      | Bought a +0 leather armour for 22 gold pieces
  2513 | D:4      | 2513 ||| BUYING scroll of identify (22 gold).
  2513 | D:4      | Bought a scroll of identify for 22 gold pieces
  2513 | D:4      | 2513 ||| BUYING scroll of identify (22 gold).
  2513 | D:4      | Bought a scroll of identify for 22 gold pieces
  2540 | D:4      | Reached skill level 5 in Ranged Weapons
  2544 | D:4      | 2544 ||| FLEEEEING.
  2545 | D:4      | 2545 ||| FLEEEEING.
  2546 | D:4      | 2546 ||| FLEEEEING.
  2547 | D:4      | 2547 ||| FLEEEEING.
  2548 | D:4      | 2548 ||| FLEEEEING.
  2549 | D:4      | 2549 ||| FLEEEEING.
  2550 | D:4      | 2550 ||| FLEEEEING.
  2551 | D:4      | 2551 ||| FLEEEEING.
  2552 | D:4      | 2552 ||| FLEEEEING.
  2553 | D:4      | 2553 ||| FLEEEEING.
  2554 | D:4      | 2554 ||| FLEEEEING.
  2554 | D:4      | Noticed a sky beast
  2555 | D:4      | 2555 ||| FLEEEEING.
  2556 | D:4      | 2556 ||| FLEEEEING.
  2557 | D:4      | 2557 ||| FLEEEEING.
  2558 | D:4      | 2558 ||| FLEEEEING.
  2559 | D:4      | 2559 ||| FLEEEEING.
  2560 | D:4      | 2560 ||| FLEEEEING.
  2561 | D:4      | 2561 ||| FLEEEEING.
  2562 | D:4      | 2562 ||| STAIRDANCE
  2580 | D:3      | 2580 ||| UPGRADING to +0 leather armour.
  2590 | D:3      | 2590 ||| DROPPING +0 robe.
  2591 | D:3      | 2591 ||| READING 3 scrolls of identify.
  2591 | D:3      | 2591 ||| IDENTIFYING bubbling green potion
  2592 | D:3      | 2592 ||| READING 2 scrolls of identify.
  2592 | D:3      | 2592 ||| IDENTIFYING coppery potion
  2595 | D:4      | 2595 ||| STAIRDANCE
  2640 | D:4      | Reached skill level 3 in Fighting
  2733 | D:4      | Killed a sky beast
  2734 | D:4      | Reached skill level 6 in Ranged Weapons
  2734 | D:4      | Reached XP level 6. HP: 29/37 MP: 7/7
  2864 | D:4      | 2864 ||| UPGRADING to +0 ring mail.
  2874 | D:4      | 2874 ||| DROPPING +0 leather armour.
  2875 | D:4      | 2875 ||| UPGRADING to ring of see invisible.
  2876 | D:4      | 2876 ||| READING scroll labelled YDGHIS JUNAN.
  2899 | D:5      | Entered Level 5 of the Dungeon
  2901 | D:5      | 2901 ||| STAIRDANCE
  2904 | D:4      | HP: 9/37 [gnoll/+0 flail[a gnoll bouda] (2)]
  2905 | D:4      | 2905 ||| DRINKING potion of heal wounds.
  2907 | D:4      | Reached skill level 1 in Armour
  2910 | D:4      | HP: 4/37 [gnoll/+0 whip[a gnoll bouda] (4)]
  2910 | D:4      | Slain by a gnoll

Levels and vault maps discovered:
D:1:      enne_arrival_octagon_isle, layout_basic
D:2:      layout_basic
D:3:      layout_basic, xom_redecorated
D:4:      layout_rooms, serial_shops, nicolae_shop_advertising_works
          [nicolae_subvault_shop_adworks], st_stairs_5
D:5:      layout_gridville, marbit_many_paths, minmay_temple_entry_arrows,
          gammafunk_ghost_icy, uniq_sigmund

Skill      XL: |  1  2  3  4  5  6 |
---------------+-------------------+-----
Ranged Weapons | 3 4 6 |  6.0
Fighting       | 2 3 |  3.1
Armour         | 1 |  1.2
Dodging        | |  1.5
Spellcasting   | |  1.0
Hexes          | |  2.6

Action                     |  1- 3 |  4- 6 || total
---------------------------+-------+-------++-------
   Fire: Sling             |   151 |    41 ||   192
         Hand crossbow     |       |    48 ||    48
    Use: Scroll            |     2 |     8 ||    10
         Potion            |       |     4 ||     4
 Armour: Robe              |    39 |    17 ||    56
         Leather armour    |       |     5 ||     5
         Ring mail         |       |    11 ||    11
  Dodge: Dodged            |    61 |    57 ||   118

Table legend:
 A = Non-vault XP
 B = Vault XP
 C = Vault XP percentage of total XP
 D = Non-vault monster count
 E = Vault monster count
 F = Vault count percentage of total count
                 A         B        C        D         E       F
            +---------+---------+-------+---------+---------+-------
      Total |     494 |      16 |   3.1 |      84 |       2 |   2.3
            +---------+---------+-------+---------+---------+-------
        D:1 |      48 |       0 |   0.0 |      29 |       0 |   0.0
        D:2 |      80 |       0 |   0.0 |      32 |       0 |   0.0
        D:3 |      41 |       2 |   4.7 |      10 |       1 |   9.1
        D:4 |     325 |      14 |   4.1 |      13 |       1 |   7.1
            +---------+---------+-------+---------+---------+-------
